 Dungeon Crawl Stone Soup version 0.17-a0-1481-gfdcec5c (webtiles) character file.

65 hexophile the Magician (level 4, -10/36 HPs)
             Began as a Naga Wizard on July 4, 2015.
             Mangled by an iguana (13 damage)
             ... on level 4 of the Dungeon.
             The game lasted 00:05:51 (3133 turns).

hexophile the Magician (Naga Wizard)                Turns: 3133, Time: 00:05:51

Health: -10/36     AC:  2    Str:  9    XL:     4   Next: 14%
Magic:  0/9        EV:  9    Int: 19    God:
Gold:   175        SH:  0    Dex: 10    Spells: 4 memorised, 1 level left

rFire  . . .     SeeInvis +     n - +0 hunting sling
rCold  . . .     Clarity  .     j - +0 leather armour (curse)
rNeg   + . .     SustAt   .     (no shield)
rPois  +         Gourm    .     b - +0 hat
rElec  .         Spirit   .     (no cloak)
rCorr  .         Warding  .     (no gloves)
rMut   .         Stasis   .     (no barding)
MR     .....                    (no amulet)
Stlth  ++........               (no ring)
                                k - ring of positive energy

@: short of breath, very slightly contaminated, very slow, not resistant to
hostile enchantments, unstealthy
A: see invisible, deformed body, poison resistance, slowness 2, slow metabolism
1, spit poison 2, AC +1
a: Spit Poison


You were on level 4 of the Dungeon.
You were hungry.

You visited 1 branch of the dungeon, and saw 4 of its levels.

You collected 175 gold pieces.

Inventory:

Hand weapons
 i - a +0 dagger
 n - a +0 hunting sling (weapon)
Missiles
 o - 24 stones (quivered)
 r - 7 curare-tipped needles
Armour
 a - a +0 robe
 b - a +0 hat (worn)
 j - a cursed +0 leather armour (worn)
Jewellery
 k - a ring of positive energy (left hand)
 q - a cursed ring of loudness
Scrolls
 f - 5 scrolls of amnesia
 h - a scroll of identify
 p - a scroll of remove curse {unknown}
Potions
 e - 2 potions of curing
 l - a potion of agility {unknown}
 s - a potion of poison {unknown}
Books
 c - a book of Minor Magic

   Spells                             Type                      Level
   a - Magic Dart                     Conjuration                  1
   b - Blink                          Translocation                2
   c - Call Imp                       Summoning                    2
   d - Repel Missiles                 Charms/Air                   2
   e - Slow                           Hexes                        2
   f - Conjure Flame                  Conjuration/Fire             3
   g - Mephitic Cloud                 Conjuration/Poison/Air       3
Comestibles
 d - 6 bread rations
 g - 2 meat rations
 m - a beef jerky


   Skills:
 + Level 2.0 Dodging
 - Level 3.0 Stealth
 * Level 3.7 Spellcasting
 * Level 2.4 Conjurations
   Level 1.0 Summonings
 - Level 1.0 Translocations
 + Level 0.0 Fire Magic
 + Level 0.2 Air Magic


You had one spell level left.
You knew the following spells:

 Your Spells              Type           Power        Failure   Level  Hunger
a - Magic Dart            Conj           ##..         10%         1    None
b - Blink                 Tloc           N/A          24%         2    ##.....
c - Conjure Flame         Conj/Fire      #.......     38%         3    ###....
d - Mephitic Cloud        Conj/Pois/Air  #.......     47%         3    ###....


Dungeon Overview and Level Annotations

Branches:
Dungeon (4/15)
 Temple: D:4-7

Altars:
Dithmenos

Annotations:
D:1 exclusion: downstairs
D:3 Gorice's ghost, average GrWn


Innate Abilities, Weirdness & Mutations

You cannot wear boots.
Your serpentine skin is tough (AC +1).
You have supernaturally acute eyesight.
Armour fits poorly on your strangely shaped body.
Your system is resistant to poisons.
You cover ground very slowly.
You have a slow metabolism.
You can spit poison.


Message History

Press: ? - help, Shift-Dir - straight line, f/p - iguana
Aim: an iguana (almost dead)
The splash of poison misses the iguana.
You feel slightly more hungry.
The iguana bites you but does no damage.
Casting: Blink
Confirm with . or Enter, or press ? or * to list all spells.
Aiming: Magic Dart
Press: ? - help, Shift-Dir - straight line, f/p - iguana
Aim: an iguana (almost dead)
You miscast Magic Dart.
Nothing appears to happen.
The iguana bites you!
* * * LOW HITPOINT WARNING * * *
Casting: Magic Dart
Confirm with . or Enter, or press ? or * to list all spells.
Aiming: Magic Dart
Press: ? - help, Shift-Dir - straight line, f/p - iguana
Aim: an iguana (almost dead)
The magic dart hits the iguana.
The iguana is almost dead.
The iguana bites you!
You die...

###################
#..................
##(#################
#.((......
#..(.##### #....+
#..l.# ##.@.# #(###
#.# #.# #. #. +. #.
.. #. ...#.


You could see an iguana.

Vanquished Creatures
  3 worms (D:2)
  A giant gecko (D:2)
  2 giant cockroaches (D:1)
  8 hobgoblins
  14 jackals (D:1)
  A kobold (D:1)
  2 quokkas (D:2)
  8 bats
  3 giant newts (D:1)
  4 goblins (D:1)
  6 rats
52 creatures vanquished.

Notes
Turn   | Place    | Note
--------------------------------------------------------------
     0 | D:1      | hexophile the Naga Wizard began the quest for the Orb.
     0 | D:1      | Reached XP level 1. HP: 15/15 MP: 4/4
   267 | D:1      | Reached XP level 2. HP: 14/22 MP: 0/6
  1085 | D:1      | Reached XP level 3. HP: 28/28 MP: 2/7
  2193 | D:2      | Found a shadowy altar of Dithmenos.
  2346 | D:2      | Reached XP level 4. HP: 28/36 MP: 5/9
  2353 | D:2      | Learned a level 2 spell: Blink
  2357 | D:2      | Learned a level 3 spell: Conjure Flame
  2361 | D:2      | Learned a level 3 spell: Mephitic Cloud
  2743 | D:3      | Noticed Gorice's ghost (average GrWn)
  3133 | D:4      | Mangled by an iguana

Vault maps used:
D:1:      sevenhm_arrival_forest_fort_large_2
D:2:      grunt_dithmenos_smoke_and_mirrors
D:4:      gammafunk_temple_overflow_statue, first_bread

Action                   |  1- 3 |  4- 6 || total
-------------------------+-------+-------++-------
Melee: Unarmed           |     8 |       ||     8
       Dagger            |    65 |       ||    65
 Fire: Hunting sling     |       |    11 ||    11
 Cast: Magic Dart        |    99 |    18 ||   117
       Blink             |       |     4 ||     4
       Conjure Flame     |       |     1 ||     1
 Abil: Spit Poison       |    13 |     3 ||    16
  Use: Scroll            |     4 |     1 ||     5
       Potion            |     3 |       ||     3
  Eat: Chunk             |     4 |     1 ||     5
